 Dungeon Crawl Stone Soup version 0.30.0-19-g36f170ea60 (webtiles) character file.

Game seed: 14457965900709336599

3555 FishyPogo the Reanimator (level 9, -2/64 HPs)
             Began as a Demonspawn Necromancer on June 1, 2023.
             Was a Priest of Makhleb.
             Slain by an orc warrior
             ... wielding a +0 war axe
              (14 damage)
             ... in a bailey.
             The game lasted 00:52:52 (7453 turns).

FishyPogo the Reanimator (Demonspawn Necromancer)   Turns: 7453, Time: 00:52:53

Health: -2/64      AC:  6    Str: 14    XL:     9   Next: 83%
Magic:  2/15       EV: 12    Int: 20    God:    Makhleb [***...]
Gold:   318        SH:  4    Dex: 15    Spells: 1/15 levels left

rFire   . . .        p - +1 dagger (pain)
rCold   . . .        (no shield)
rNeg    . . .        s - +2 robe {Archmagi}
rPois   +            (helmet restricted)
rElec   .            (no cloak)
rCorr   .            i - +0 pair of gloves
SInv    .            B - +0 pair of boots
Will    .....        z - amulet of the acrobat
Stlth   ++           k - +6 ring of strength
HPRegen 0.30/turn    C - +4 ring of slaying
MPRegen 0.14/turn

%: acrobat, archmagi
@: no status effects
A: horns 1, spiny 3, sturdy frame 1, condensation shield, passive freeze, poison
resistance, MP-powered wands
a: Renounce Religion, Minor Destruction, Lesser Servant of Makhleb


You were in a bailey.
You worshipped Makhleb.
Makhleb was most pleased with you.
You visited 1 branch of the dungeon, and saw 8 of its levels.
You also visited: Bailey.

You collected 318 gold pieces.

Inventory:

Hand Weapons
 p - a +1 dagger of pain (weapon)
Missiles
 f - 73 stones (quivered)
 q - 5 poisoned darts
 v - 3 atropa-tipped darts
 E - a throwing net
Armour
 a - a +0 robe
 g - the +2 robe of Inaction {Fly rElec Str-5}
   (You found it on level 3 of the Dungeon)

   Str:       It affects your strength (-5).
   rElec:     It insulates you from electricity.
   Fly:       It grants you flight.
 i - a +0 pair of gloves (worn)
 s - a +2 robe of the Archmagi (worn)
 t - the +0 leather armour "Ajypij" {rPois rN+ rCorr Dex-3}
   (You found it on level 4 of the Dungeon)

   Dex:       It affects your dexterity (-3).
   rPois:     It protects you from poison.
   rN:        It protects you from negative energy.
   rCorr:     It protects you from acid and corrosion.
 y - a +1 scale mail of cold resistance
 B - a +0 pair of boots (worn)
Jewellery
 k - a +6 ring of strength (left hand)
 z - an amulet of the acrobat (around neck)
 C - a +4 ring of slaying (right hand)
 D - an amulet of faith
Wands
 d - a wand of charming (7)
 F - a wand of iceblast (6)
Scrolls
 e - 2 scrolls of immolation
 h - 2 scrolls of blinking
 j - 3 scrolls of vulnerability
 l - a scroll of magic mapping
 n - 2 scrolls of enchant armour
 r - a scroll of fear {unknown}
 w - a scroll of fog {unknown}
 x - 3 scrolls of teleportation
 A - a scroll of summoning
 G - a scroll of identify
 H - 2 scrolls of enchant weapon {unknown}
Potions
 b - a potion of magic
 c - 3 potions of brilliance
 m - a potion of invisibility
 o - 2 potions of curing


   Skills:
 + Level 3.5 Fighting
 - Level 2.0 Dodging
 - Level 2.0 Stealth
 + Level 3.8 Spellcasting
 * Level 6.7 Hexes
 * Level 9.4 Necromancy
 + Level 4.4 Ice Magic
 + Level 8.0 Invocations


You had one spell level left.
You knew the following spells:

 Your Spells              Type           Power      Damage    Failure   Level
a - Necrotise             Necr           100%       1d9       1%          1
b - Ensorcelled Hibernat  Hex/Ice        78%        N/A       1%          2
c - Vampiric Draining     Necr           58%        2d10      1%          3
d - Anguish               Hex/Necr       26%        N/A       4%          4
e - Dispel Undead         Necr           58%        3d21      2%          4

Your spell library contained the following spells:

 Spells                   Type           Power      Damage    Failure   Level
 Beastly Appendage        Tmut           10%        N/A       13%         1
 Animate Dead             Necr           58%        N/A       2%          4
 Cigotuvi's Dreadful Rot  Necr/Pois/Air  48%        N/A       5%          2
 Ozocubu's Armour         Ice            32%        N/A       6%          3
 Agony                    Necr           58%        N/A       8%          5
 Wereblood                Tmut           5%         N/A       21%         2
 Spider Form              Tmut/Pois      5%         N/A       36%         3
 Metabolic Englaciation   Hex/Ice        19%        N/A       36%         5
 Death Channel            Necr           29%        N/A       38%         6
 Simulacrum               Ice/Necr       23%        N/A       75%         6
 Malign Gateway           Summ/Tloc      2%         N/A       100%        7
 Summon Horrible Things   Summ           2%         N/A       100%        8


Dungeon Overview and Level Annotations

Branches:
Dungeon (8/15)             Temple (0/1) D:7          Bailey (1/1)
   Lair: D:8-11

Altars:
Makhleb
Qazlal
Yredelemnul

Shops:
D:2 [


Innate Abilities, Weirdness & Mutations

You have a pair of small horns on your head.
You are completely covered in sharp spines.
Your movements are slightly less encumbered by armour. (ER -2)
A meltable shield of frost defends you. (SH +4)
A frigid envelope surrounds you and freezes all who hurt you.
Your system is resistant to poisons. (rPois)
You expend magic power (3 MP) to strengthen your wands.


Message History

The orc warrior no longer looks unusually strong.
The orc warrior misses you.
The orc warlord roars a battlecry!
The orc warrior goes into a battle-frenzy!
Casting: Necrotise (safe; 1% risk of failure)
Confirm with . or Enter, or press ? or * to list all spells.
Aiming: Necrotise (safe; 1% risk of failure)
Press: ? - help, Shift-Dir - straight line, f/p - orc warrior
Aim: an orc warrior, wielding a +0 battleaxe and wearing a +0 plate armour (severely wounded, strong, chance to affect: 83%)
You feel a surge of power!
The orc warrior writhes in agony.
The orc warrior closely misses you.
Casting: Necrotise (safe; 1% risk of failure)
Confirm with . or Enter, or press ? or * to list all spells.
Aiming: Necrotise (safe; 1% risk of failure)
Press: ? - help, Shift-Dir - straight line, f/p - orc warrior
Aim: an orc warrior, wielding a +0 battleaxe and wearing a +0 plate armour (severely wounded, strong, chance to affect: 83%)
You feel a surge of power!
The orc warrior writhes in agony.
The orc warrior no longer looks unusually strong.
The orc warrior hits you with a +0 war axe!
The orc warrior is very cold.
The orc warrior is lightly wounded.
The orc warrior barely misses you.
Casting: Necrotise (safe; 1% risk of failure)
Confirm with . or Enter, or press ? or * to list all spells.
Aiming: Necrotise (safe; 1% risk of failure)
Press: ? - help, Shift-Dir - straight line, f/p - orc warrior
Aim: an orc warrior, wielding a +0 battleaxe and wearing a +0 plate armour (almost dead, strong, chance to affect: 83%)
You feel a surge of power!
The orc warrior writhes in agony.
The orc warrior no longer looks unusually strong.
The orc warrior is struck by your spines.
The orc warrior hits you with a +0 war axe!
* * * LOW HITPOINT WARNING * * *
The orc warrior is very cold.
The orc warrior is almost dead.
The orc warrior barely misses you.
The orc warrior attacks as you move away!
You block the orc warrior's attack.
You feel better.
The orc warrior hits you with a +0 war axe!
You die...

.....###.........##
......#...........#
...).))...........#
⌠....)#)....⌠.....#
..o.).#...........#
......#........)).#
.....###......ooo### ♣♣
...### ###.....#o#.###
♣♣♣♣♣.♣♣ .###
###.###@....###♣♣......♣
##
###.........##.......♣ #
. #...........#........
#..
#...........'........
o..
#.....))....'..∩.∩..♣
#..
#.......)...'........
##g.
#...........#........ #
g. ##.........##.......♣
###.....###♣.♣.....♣


You could see 3 orc warriors.

Vanquished Creatures
  A steam dragon (D:8)
  Menkaure (D:5)
  A water moccasin (D:6)
  5 orc warriors (Bailey)
  2 sky beasts
  An ogre (D:4)
  A centaur (D:7)
  4 phantoms
  3 scorpions
  A water moccasin zombie (D:4)
  A jelly (D:4)
  A howler monkey (D:6)
  3 hounds (D:6)
  4 orc priests
  A gnoll bouda (D:4)
  A sleepcap (D:4)
  An iguana (D:4)
  Terence (D:3)
  3 orc wizards
  15 gnolls
  3 adders
  A white imp (D:6)
  An ufetubus (D:3)
  An adder zombie (D:4)
  8 worms
  3 dart slugs
  22 orcs
  2 ball pythons
  6 endoplasms
  2 giant cockroaches
  9 hobgoblins
  2 jackals (D:5)
  2 quokkas
  3 frilled lizards
  13 goblins
  12 kobolds
  8 rats
149 creatures vanquished.

Vanquished Creatures (collateral kills)
  A worm (D:8)
  An orc (D:2)
  An endoplasm (D:1)
3 creatures vanquished.

Vanquished Creatures (others)
  2 orc knights (Bailey)
  2 orc warriors (Bailey)
  An orc (Bailey)
  2 hobgoblins (Bailey)
  A goblin (Bailey)
8 creatures vanquished.

Grand Total: 160 creatures vanquished

Notes
Turn   | Place    | Note
-------+----------+-------------------------------------------
     0 | D:1      | FishyPogo the Demonspawn Necromancer began the quest for
                  | the Orb.
     0 | D:1      | Reached XP level 1. HP: 13/13 MP: 3/3
   943 | D:2      | Gained mutation: You are partially covered in sharp spines.
                  | [demonic ancestry]
   943 | D:2      | Reached XP level 2. HP: 19/19 MP: 3/5
  1069 | D:2      | Learned a level 2 spell: Ensorcelled Hibernation
  1174 | D:2      | Found Horem's Armour Shoppe.
  1180 | D:2      | Found a burning altar of Makhleb.
  1253 | D:2      | Became a worshipper of Makhleb the Destroyer
  1761 | D:3      | Reached skill level 5 in Necromancy
  1998 | D:3      | Identified the +2 robe of Inaction {Fly rElec Str-5}
  1999 | D:3      | Gained mutation: You occasionally lose the ability to read
                  | scrolls when taking damage. [potion of mutation]
  2005 | D:3      | Gained mutation: You are mostly covered in sharp spines.
                  | [demonic ancestry]
  2005 | D:3      | Reached XP level 3. HP: 15/24 MP: 2/6
  2079 | D:3      | Reached skill level 1 in Hexes
  2079 | D:3      | Reached skill level 1 in Ice Magic
  2079 | D:3      | Reached XP level 4. HP: 22/30 MP: 4/7
  2411 | D:3      | Lost mutation: You occasionally lose the ability to read
                  | scrolls when taking damage. [potion of mutation]
  2411 | D:3      | Gained mutation: A frigid envelope surrounds you and
                  | freezes all who hurt you. [potion of mutation]
  2411 | D:3      | Gained mutation: You expend magic power (3 MP) to
                  | strengthen your wands. [potion of mutation]
  2411 | D:3      | Gained mutation: Your system is resistant to poisons.
                  | (rPois) [potion of mutation]
  2506 | D:3      | Noticed Terence
  2515 | D:3      | Killed Terence
  2516 | D:3      | Gained mutation: Your movements are slightly less
                  | encumbered by armour. (ER -2) [demonic ancestry]
  2516 | D:3      | Reached XP level 5. HP: 35/35 MP: 3/9
  2520 | D:3      | Learned a level 3 spell: Vampiric Draining
  2677 | D:3      | Reached skill level 1 in Invocations
  2935 | D:4      | Noticed a phantom
  3012 | D:4      | Killed a phantom
  3030 | D:4      | Reached skill level 6 in Necromancy
  3030 | D:4      | Gained mutation: A meltable shield of frost defends you.
                  | (SH +4) [demonic ancestry]
  3030 | D:4      | Reached XP level 6. HP: 21/41 MP: 2/10
  3114 | D:4      | Reached * piety under Makhleb
  3126 | D:4      | HP: 1/41 [gnoll/+0 halberd[a gnoll bouda] (11)]
  3134 | D:5      | Entered Level 5 of the Dungeon
  3653 | D:4      | Identified the +0 leather armour "Ajypij" {rPois rN+ rCorr
                  | Dex-3}
  3703 | D:4      | Gained mutation: You are completely covered in sharp
                  | spines. [demonic ancestry]
  3703 | D:4      | Reached XP level 7. HP: 46/46 MP: 4/11
  4061 | D:4      | Found a basalt altar of Yredelemnul.
  4456 | D:5      | Reached ** piety under Makhleb
  4635 | D:5      | Reached skill level 7 in Necromancy
  4635 | D:5      | Reached skill level 5 in Invocations
  5155 | D:5      | Noticed Menkaure
  5348 | D:5      | Killed Menkaure
  5349 | D:5      | Gained mutation: You have a pair of small horns on your
                  | head. [demonic ancestry]
  5349 | D:5      | Reached XP level 8. HP: 37/52 MP: 12/12
  5733 | D:6      | Reached skill level 1 in Fighting
  6442 | D:6      | Reached skill level 5 in Hexes
  6442 | D:6      | Reached skill level 8 in Necromancy
  6741 | D:7      | Found a stormy altar of Qazlal.
  6829 | D:7      | Reached XP level 9. HP: 42/61 MP: 5/14
  6852 | D:7      | Found a flagged portal.
  6861 | Bailey   | Entered a bailey
  6901 | Bailey   | Learned a level 4 spell: Anguish
  6906 | Bailey   | Learned a level 4 spell: Dispel Undead
  7120 | Bailey   | Noticed an orc knight
  7134 | Bailey   | Reached *** piety under Makhleb
  7153 | Bailey   | Killed an orc knight
  7154 | Bailey   | Reached skill level 9 in Necromancy
  7349 | Bailey   | Identified the +8 spear of Jumaeqar {flame, Int+4}
  7349 | Bailey   | Noticed an orc knight
  7369 | Bailey   | Killed an orc knight
  7401 | Bailey   | Noticed an orc warlord
  7453 | Bailey   | Slain by an orc warrior

Illustrated notes

Levels and vault maps discovered:
D:1:      dpeg_arrival_orchard, layout_basic, minivault_14,
          minmay_misc_feat_diagonals
D:2:      layout_basic, serial_shops, shop, basic_altar, minmay_distorted
D:3:      layout_basic, uniq_terence
D:4:      layout_loops_corners, lemuel_zombie_altar_yredelemnul, minmay_bisected
D:5:      layout_loops_cross, nicolae_wormholes, uniq_menkaure
D:6:      layout_basic, minmay_misc_feat_tower
D:7:      layout_basic, hangedman_ru_absence, overflow_temple_1_default,
          lemuel_doored_altar, lemuel_round_altar,
          minmay_temple_entry_mini_moons, enter_bailey_2
D:8:      minmay_opposing_rooms, layout_basic, elyvilon_altar_3, minitemple,
          due_lair_maze_entry_diamond
Bailey:   bailey_axe_minmay_hex_keep, bailey

Skill      XL: |  1  2  3  4  5  6  7  8  9 |
---------------+----------------------------+-----
Stealth        | 2 |  2.0
Dodging        | 2 |  2.0
Necromancy     | 5 6 7 8 9 |  9.4
Hexes          | 1 2 4 5 6 |  6.7
Ice Magic      | 1 2 3 4 |  4.4
Invocations    | 2 4 5 7 8 |  8.0
Spellcasting   | 3 |  3.8
Fighting       | 2 3 |  3.5

Action                     |  1- 3 |  4- 6 |  7- 9 || total
---------------------------+-------+-------+-------++-------
  Melee: Unarmed           |    12 |    15 |       ||    27
         Dagger            |       |       |    74 ||    74
         Headbutt          |       |       |     9 ||     9
  Throw: Boomerang         |     1 |     5 |       ||     6
         Stone             |       |       |     1 ||     1
   Cast: Necrotise         |    54 |    75 |   112 ||   241
         Vampiric Draining |       |     2 |     3 ||     5
         Ensorcelled Hiber |       |     1 |     3 ||     4
         Anguish           |       |       |     8 ||     8
 Invoke: Minor Destruction |       |       |    39 ||    39
    Use: Potion            |     3 |     5 |     5 ||    13
         Scroll            |     2 |       |    10 ||    12
   Stab: Sleeping          |       |       |     1 ||     1
 Armour: Robe              |     2 |     4 |    14 ||    20
         Skin              |       |       |     9 ||     9
  Dodge: Dodged            |    10 |    23 |    48 ||    81
  Block: Other             |       |     3 |    16 ||    19
